AoeStats
← texasattorneygw

Arena

510245417Analyzed
1v1 RM · 2d ago on Sep 30, 2026· 44m 13s· 2 players
Game mode
Random Map
Map size
Tiny (2 player)
Population
200
Speed
Normal
Resources
Standard
Victory
Conquest
Starting age
Dark Age
Ending age
Imperial Age
RankedLock teamsTeams togetherTeam positionsShared explorationLock speedFull tech treeHidden civsTurbo modeCheats
Victory
Defeat
🇨🇱 Muisca · Chile
924
+16
🇺🇸 Bohemians · United States
915
-42
texasattorneygw
6:44 Loom
11:29 Feudal Age
12:44 Double-Bit Axe
12:58 Horse Collar
17:28 Castle Age
16:36 Fletching
28:26 Wheelbarrow
34:53 Imperial Age
34:22 Bodkin Arrow
36:18 Conscription
35:32 Capped Ram
37:37 Wagenburg Tactics
41:23 Hussite Reforms
42:06 Fervor
42:30 Padded Archer Armor
43:36 Leather Archer Armor
lerbismancillag
0:28 Loom
11:00 Feudal Age
15:14 Castle Age
13:10 Horse Collar
13:59 Double-Bit Axe
14:54 Stone Mining
20:06 Champi Runner
21:25 Squires
25:19 Wheelbarrow
25:08 Forging
24:58 Scale Mail Armor
28:10 Iron Casting
27:35 Scale Mail Armor
27:49 Town Watch
29:56 Chain Mail Armor
31:59 Hand Cart
34:48 Imperial Age
33:23 Fletching
33:33 Padded Archer Armor
33:39 Gold Mining
33:55 Heavy Plow
34:12 Bow Saw
34:36 Bodkin Arrow
36:07 Conscription
37:43 Chemistry
37:25 Elite Temple Guard
41:56 Elite Guecha Warrior
43:38 Plate Mail Armor
43:53 Ballistics
Connection lost

Rejoining the realm…

Still unreachable

The connection could not be restored.

Session expired

The server has moved on; the page needs a fresh start.